 Dungeon Crawl Stone Soup version 0.18-a0-1347-gb9e2fb4 (console) character file.

20 utis the Vexing (level 3, 14/27 HPs)
             Began as a Formicid Arcane Marksman on Feb 17, 2016.
             Quit the game on level 1 of the Dungeon.
             The game lasted 00:04:23 (1338 turns).

utis the Vexing (Formicid Arcane Marksman)          Turns: 1338, Time: 00:04:23

Health: 14/27      AC:  2    Str: 16    XL:     3   Next: 0%
Magic:  1/4        EV: 12    Int: 12    God:
Gold:   55         SH:  0    Dex: 10    Spells: 2 memorised, 1 level left

rFire  . . .     SeeInvis +     b - +0 dagger
rCold  . . .     Gourm    .     h - +0 robe
rNeg   . . .     Faith    .     (no shield)
rPois  .         Spirit   .     (helmet unavailable)
rElec  .         Dismiss  .     (no cloak)
rCorr  .         Reflect  .     (no gloves)
SustAt .         Harm     .     (no boots)
MR     .....                    (no amulet)
Stlth  +.........               (no ring)
                                (no ring)

@: not resistant to hostile enchantments, very unstealthy
A: permanent stasis, dig shafts and tunnels, four strong arms, antennae 3
a: Dig, Shaft Self


You were on level 1 of the Dungeon.
You were not hungry.

You visited 1 branch of the dungeon, and saw 1 of its levels.

You collected 55 gold pieces.

Inventory:

Hand Weapons
 a - a +0 hand crossbow
 b - a +0 dagger (weapon)
 g - a +0 club
Missiles
 d - 30 bolts
 i - 3 tomahawks (quivered)
 j - 28 stones
 l - 14 exploding sling bullets
 s - a throwing net {=f}
 t - 14 sling bullets
Armour
 h - a +0 robe (worn)
 n - a +0 ring mail
 p - a +0 ring mail
 q - a +0 large shield
Scrolls
 k - a scroll of magic mapping {unknown}
 m - a scroll of identify {unknown}
 o - a scroll of amnesia {unknown}
 v - 2 scrolls of enchant armour {unknown}
Potions
 e - a potion of agility {unknown}
Books
 c - a book of Debilitation

   Spells                             Type                      Level
   a - Corona                         Hexes                        1
   b - Slow                           Hexes                        2
   c - Gell's Gravitas                Hexes/Translocation          3
   d - Inner Flame                    Hexes/Fire                   3
   e - Cause Fear                     Hexes                        4
   f - Leda's Liquefaction            Hexes/Earth                  4
Comestibles
 f - a bread ration {@e1}
 r - a fruit {@e2}


   Skills:
 + Level 1.8 Fighting
 * Level 2.9 Crossbows
 - Level 1.7 Dodging
 - Level 1.1 Spellcasting
 - Level 3.6 Hexes


You had one spell level left.
You knew the following spells:

 Your Spells              Type           Power        Failure   Level  Hunger
w - Slow                  Hex            #.......     12%         2    ###....
z - Corona                Hex            #......      10%         1    ##.....


Dungeon Overview and Level Annotations

Branches:
Dungeon (1/15)

Altars:


Innate Abilities, Weirdness & Mutations

You are under a permanent stasis effect.
You can dig through walls and to a lower floor.
Your four strong arms can wield two-handed weapons with a shield.
You have a pair of large antennae on your head (SInv).


Message History

Aim: a hobgoblin (chance to defeat MR: 81%)
The hobgoblin seems to slow down.
The hobgoblin hits you.
You hit the hobgoblin but do no damage. You barely miss the hobgoblin.
The hobgoblin barely misses you.
You barely miss the hobgoblin. The hobgoblin misses you.
You hit the hobgoblin.
The hobgoblin is heavily wounded.
The hobgoblin hits you.
You hit the hobgoblin but do no damage.
The hobgoblin is heavily wounded.
You hit the hobgoblin.
The hobgoblin is almost dead.
The hobgoblin barely misses you.
You hit the hobgoblin.
You kill the hobgoblin!
You have reached level 3!
Your experience leads to an increase in your attributes!
Increase (S)trength, (I)ntelligence, or (D)exterity?
You feel stronger.
Are you sure you want to abandon this character and quit the game? (Confirm with "yes".)

░..............░
░..░░░░░░░░░░░.░ ░░░..░
░░░░░░░.░░░░░░░░░░ ░....░
░................░░░░ ░.░÷░░
░.........░░.░░░..... ░.░.░
░.░░░░░.░....░ ░░░░░░
░░░░░†░░░░░░.░ ░.░░░░.░
░≈≈≈♣≈♣≈≈≈≈░.░░░░░.░░░░.░░░░░░░░
░≈ ♣...⚶..≈░...a................
░≈♣♣♣.⚶⚶⚶.≈░.░░░░░░░░░..░░░░░░░░
░≈.♣...⚶..≈░.░ ░..░
░░♣.......♣♣░.░ ░..░
➘.≈...<.......░ ░░░░░..░
.░♣.......♣♣░.░ ░......░
░≈.....⚶..≈░.░ ░.░░░.░░
░≈....⚶⚶⚶.≈░.░ ░.░ ░.░
░≈.....⚶..≈░.░ ░.░ ░.░ ░░░░░


There were no monsters in sight!

Vanquished Creatures
  2 bats (D:1)
  A giant cockroach (D:1)
  A goblin (D:1)
  6 hobgoblins (D:1)
  5 kobolds (D:1)
  4 rats (D:1)
19 creatures vanquished.

Vanquished Creatures (others)
  5 toadstools (D:1)
5 creatures vanquished.

Grand Total: 24 creatures vanquished

Notes
Turn   | Place    | Note
--------------------------------------------------------------
     0 | D:1      | utis the Formicid Arcane Marksman began the quest for the Orb.
     0 | D:1      | Reached XP level 1. HP: 15/15 MP: 2/2
   297 | D:1      | Reached XP level 2. HP: 21/21 MP: 3/3
   946 | D:1      | Learned a level 2 spell: Slow
  1337 | D:1      | Reached XP level 3. HP: 14/27 MP: 1/4
  1338 | D:1      | Quit the game

Vault maps used:
D:1:      ldierk_walled_garden

Action                   || total
-------------------------++-------
Melee: Club              ||     8
       Unarmed           ||     3
       Dagger            ||    77
 Fire: Hand crossbow     ||     4
Throw: Stone             ||     9
       Tomahawk          ||     9
 Cast: Corona            ||    12
       Slow              ||     2
  Eat: Chunk             ||     2
